 Dungeon Crawl Stone Soup version 0.25.0-10-g039870e (webtiles) character file.

Game seed: 17340231418345168348

588 ratboy the Skirmisher (level 7, -9/62 HPs)
             Began as a Ghoul Monk on June 23, 2020.
             Mangled by an ogre
             ... wielding a +0 giant spiked club
              (14 damage)
             ... on level 5 of the Dungeon.
             The game lasted 00:08:39 (3351 turns).

ratboy the Skirmisher (Ghoul Monk)                  Turns: 3351, Time: 00:08:40

Health: -9/62      AC:  8    Str: 17    XL:     7   Next: 38%
Magic:  6/6        EV:  7    Int:  5    God:
Gold:   232        SH:  0    Dex: 11    Spells: 6/6 levels left

rFire    . . .     SeeInvis .     - Unarmed
rCold    + . .     Gourm    .   (no shield)
rNeg     + + +     Faith    .   i - +0 chain mail
rPois    ∞         Spirit   .   (no helmet)
rElec    .         Reflect  .   (no cloak)
rCorr    .         Harm     .   (no gloves)
MR       .....                  (no boots)
Stlth    ..........             (no amulet)
HPRegen  0.00/turn              (no ring)
MPRegen  0.10/turn              (no ring)

@: rotting
A: rotting body, claws 1, carnivore, cold resistance 1, negative energy
resistance 3, inhibited regeneration, torment resistance, unbreathing
a: no special abilities


You were on level 5 of the Dungeon.
You were not hungry.

You visited 1 branch of the dungeon, and saw 5 of its levels.

You collected 232 gold pieces.

Inventory:

Missiles
 d - 161 stones
 h - 74 poisoned darts (quivered)
Armour
 i - a +0 chain mail (worn)
 u - the +8 plate armour of Lethargy {rElec rF+ rN+ MR-, unknown}
   (You found it on level 4 of the Dungeon)

   It protects you from fire.
   It insulates you from electricity.
   It protects you from negative energy.
   It affects your resistance to hostile enchantments.
Jewellery
 l - an uncursed ring of protection from fire {unknown}
 r - a +4 ring of protection {unknown}
Scrolls
 e - 4 scrolls of identify {unknown}
 g - a scroll of immolation {unknown}
 n - a scroll of magic mapping {unknown}
 p - a scroll of noise {unknown}
 s - a scroll of fog {unknown}
Potions
 a - a potion of magic {unknown}
 c - 2 potions of curing {unknown}
 f - 5 potions of flight {unknown}
 j - a potion of lignification {unknown}
 m - 4 potions of might {unknown}
 o - 2 potions of heal wounds {unknown}
 q - a potion of ambrosia {unknown}
 t - a potion of berserk rage {unknown}
 v - a potion of mutation {unknown}
Comestibles
 b - 8 rations
 k - 2 chunks of flesh


   Skills:
 + Level 5.8 Fighting
 - Level 2.6 Dodging
 + Level 5.7 Stealth
 + Level 5.8 Unarmed Combat


You had 6 spell levels left.
You didn't know any spells.
Your spell library was empty.

Dungeon Overview and Level Annotations

Branches:
Dungeon (5/15)
 Temple: D:4-7

Altars:
Kikubaaqudgha
Trog


Innate Abilities, Weirdness & Mutations

Your body is rotting away.
You thrive on raw meat.
You are immune to poison.
You have sharp fingernails.
You are carnivorous and can eat meat at any time.
Your flesh is cold resistant. (rC+)
You are immune to negative energy. (rN+++)
You do not regenerate when monsters are visible.
You are immune to unholy pain and torment.
You can survive without breathing.


Message History

You see here 2 poisoned darts.
You see here a poisoned dart.
You see here a poisoned dart.
You see here a poisoned dart.
You see here 2 poisoned darts.
You see here 4 poisoned darts.
You see here 2 poisoned darts.
You see here a poisoned dart.
Throwing (i - inventory. (/) - cycle)
h - 76 poisoned darts (quivered)
Press: ? - help, Shift-Dir - straight line, f/p - ogre
Aim: an ogre, wielding a +0 giant spiked club (severely wounded)
You throw a poisoned dart.
The poisoned dart barely misses the ogre.
Throwing (i - inventory. (/) - cycle)
h - 75 poisoned darts (quivered)
Press: ? - help, Shift-Dir - straight line, f/p - ogre
Aim: an ogre, wielding a +0 giant spiked club (severely wounded)
You throw a poisoned dart. The poisoned dart hits the ogre.
The ogre is severely wounded.
The ogre hits you with a +0 giant spiked club!
You die...

##.##
###.#.##
...(..#
#.... #..#
#.<####
#..((.#
##O##.#
#n##(##.#
#.((....#
#.##.####
...##.#
.....##..
#####.#####
#.# #.# #.


You could see an ogre.

Vanquished Creatures
  Sigmund (D:4)
  A phantom (D:4)
  2 vampire bats (D:2)
  An orc priest (D:2)
  An iguana (D:4)
  Ijyb (D:4)
  A howler monkey skeleton (D:4)
  10 adders
  A worm (D:2)
  6 leopard geckos
  6 orcs
  8 bats
  3 bat skeletons (D:2)
  2 bat zombies (D:2)
  5 giant cockroaches
  4 hobgoblins
  A quokka (D:2)
  3 frilled lizards
  11 goblins
  3 kobolds
  13 rats
84 creatures vanquished.

Notes
Turn   | Place    | Note
-------+----------+-------------------------------------------
     0 | D:1      | ratboy the Ghoul Monk began the quest for the Orb.
     0 | D:1      | Reached XP level 1. HP: 19/19 MP: 0/0
   445 | D:1      | Reached XP level 2. HP: 24/26 MP: 1/1
  1006 | D:2      | Reached XP level 3. HP: 33/33 MP: 2/2
  1276 | D:2      | Reached XP level 4. HP: 36/40 MP: 3/3
  1404 | D:2      | Found an ancient bone altar of Kikubaaqudgha.
  1425 | D:2      | Reached XP level 5. HP: 36/47 MP: 4/4
  2069 | D:3      | Reached XP level 6. HP: 49/55 MP: 5/5
  2239 | D:3      | Reached skill level 5 in Fighting
  2313 | D:3      | Reached skill level 5 in Unarmed Combat
  2582 | D:4      | Noticed Sigmund
  2591 | D:4      | Killed Sigmund
  2591 | D:4      | Reached skill level 5 in Stealth
  2630 | D:4      | Noticed a phantom
  2681 | D:4      | Killed a phantom
  2681 | D:4      | Reached XP level 7. HP: 44/61 MP: 6/6
  2740 | D:4      | Got a faintly humming plate armour
  2810 | D:4      | Noticed Ijyb
  2814 | D:4      | Paralysed by Ijyb for 5 turns
  2838 | D:4      | Paralysed by Ijyb for 2 turns
  2854 | D:4      | Paralysed by Ijyb for 3 turns
  2861 | D:4      | Killed Ijyb
  3074 | D:4      | Found a bloodstained altar of Trog.
  3195 | D:5      | Entered Level 5 of the Dungeon
  3351 | D:5      | Mangled by an ogre

Illustrated notes

Levels and vault maps discovered:
D:1:      dpeg_arrival_prison, layout_basic, minmay_pentomino_o4
D:2:      layout_loops_cross, kennysheep_vampire_church, first_ration
D:3:      layout_rooms
D:4:      layout_rooms, trog_butcher_becter, uniq_ijyb, uniq_sigmund
D:5:      layout_loops_ring, gammafunk_temple_overflow_arena, elyvilon_altar_5,
          kennysheep_mini, uniq_grinder

Skill      XL: |  1  2  3  4  5  6 |
---------------+-------------------+-----
Stealth        | 3 4 5 |  5.7
Fighting       | 4 5 |  5.8
Unarmed Combat | 4 5 |  5.8
Dodging        | |  2.6

Action                   |  1- 3 |  4- 6 |  7- 9 || total
-------------------------+-------+-------+-------++-------
Melee: Unarmed           |   116 |   188 |    53 ||   357
       Punch             |       |     3 |       ||     3
Throw: Stone             |       |     5 |       ||     5
       Dart              |       |       |    16 ||    16
  Eat: Chunk             |     8 |     7 |     2 ||    17
Armor: Robe              |     3 |       |       ||     3
       Chain mail        |    56 |   131 |    24 ||   211
Dodge: Dodged            |    44 |    66 |    19 ||   129
